 Dungeon Crawl Stone Soup version 0.32-a0-960-g3814254bd7 (webtiles) character file.

Game seed: 10980325893778984344

21534 bananaken the Skirmisher (level 12, -8/99 HPs)
             Began as a Coglin Hunter on Apr 17, 2024.
             Was a High Priest of Okawaru.
             Killed from afar by a lindwurm (28 damage)
             ... with a blast of flame
             ... in a volcano.
             The game lasted 00:37:13 (14974 turns).

bananaken the Skirmisher (Coglin Hunter)           Turns: 14974, Time: 00:37:14

Health: -8/99      AC: 20    Str: 12    XL:     12   Next: 91%
Magic:  14/18      EV:  4    Int:  9    God:    Okawaru [*****.]
Gold:   612        SH:  0    Dex: 22    Spells: 11/11 levels left

rFire   . . .        a - +7 sling (flame) {Caihong}
rCold   . . .        d - +0 sling {Psammuthes}
rNeg    . . .        z - +0 plate armour
rPois   .            (no helmet)
rElec   .            e - +0 cloak
rCorr   .            r - +2 pair of gloves
SInv    .            A - +2 pair of boots {Fly}
Will    .....        (amulet unavailable) Stlth
                     (ring unavailable)
HPRegen 0.36/turn    (ring unavailable)
MPRegen 0.16/turn    (no gizmo)

%: no passive effects
@: finesse-ful, flying, invisible, revving
A: off-hand wielding, slow wielding, warmup strikes, no jewellery
a: Invent Gizmo, Renounce Religion, Heroism, Finesse, Duel


You were in a volcano.
You worshipped Okawaru.
Okawaru was extremely pleased with you.
You visited 3 branches of the dungeon, and saw 15 of its levels.
You also visited: Sewer, Ossuary and Volcano.

You collected 709 gold pieces.
You spent 97 gold pieces at shops.

Inventory:

Hand Weapons
 a - a +7 sling of flaming (weapon) {Caihong}
 d - a +0 sling (offhand) {Psammuthes}
Missiles
 k - 19 poisoned darts
 I - 2 boomerangs
Armour
 e - a +0 cloak (worn)
 r - a +2 pair of gloves (worn)
 z - a +0 plate armour (worn)
 A - a +2 pair of boots of flying (worn)
Talismans
 w - a granite talisman
Wands
 c - a wand of paralysis (2)
 m - a wand of digging (1)
 H - a wand of flame (8)
Scrolls
 b - a scroll of butterflies
 i - 2 scrolls of torment
 j - 5 scrolls of fear
 l - a scroll of amnesia
 n - 2 scrolls of poison
 o - a scroll of blinking
 p - a scroll of teleportation
 u - a scroll of identify
 v - 2 scrolls of silence
 y - 2 scrolls of vulnerability
 D - a scroll of fog
 F - a scroll of immolation
Potions
 f - 2 potions of magic
 g - a potion of ambrosia
 q - 2 potions of brilliance
 s - 2 potions of cancellation
 t - 2 potions of attraction
 B - 2 potions of haste
 C - a potion of enlightenment
 G - a potion of mutation
 J - a potion of curing
 K - a potion of might


   Skills:
 + Level 10.7 Fighting
 * Level 12.4 Ranged Weapons
 + Level 1.3 Throwing
 + Level 6.1 Armour
 - Level 3.8 Dodging
 - Level 2.0 Stealth
 + Level 8.3 Invocations
 - Level 4.1 Evocations


You had 11 spell levels left.
You didn't know any spells.
Your spell library contained the following spells:

 Spells                   Type           Power      Damage    Failure   Level
 Necrotise                Necr           0%         1d4       100%        1
 Sandblast                Erth           0%         2d4       100%        1
 Mercury Vapours          Alch/Air       0%         N/A       100%        2
 Sublimation of Blood     Necr           0%         N/A       100%        2
 Fugue of the Fallen      Necr           0%         N/A       100%        3
 Inner Flame              Hex/Fire       0%         N/A       100%        3
 Mephitic Cloud           Conj/Alch/Air  0%         N/A       100%        3
 Ozocubu's Armour         Ice            0%         N/A       100%        3
 Passwall                 Erth           0%         N/A       100%        3
 Stone Arrow              Conj/Erth      0%         3d7       100%        3
 Teleport Other           Tloc           0%         N/A       100%        3
 Vampiric Draining        Necr           0%         2d6       100%        3
 Volatile Blastmotes      Fire/Tloc      0%         2d10      100%        3
 Flame Wave               Conj/Fire      0%         2d4       100%        4
 Sticky Flame             Fire/Alch      0%         2d4       100%        4
 Vhi's Electric Charge    Tloc/Air       0%         N/A       100%        4
 Curse of Agony           Necr           0%         N/A       100%        5
 Freezing Cloud           Conj/Ice/Air   0%         6-21      100%        5
 Dispersal                Tloc           0%         N/A       100%        6
 Gell's Gavotte           Tloc           0%         2d(11-16) 100%        6
 Manifold Assault         Tloc           0%         N/A       100%        7
 Call Imp                 Summ           Unusable   N/A       N/A         2
 Martyr's Knell           Necr/Summ      Unusable   N/A       N/A         4
 Summon Hydra             Summ           Unusable   N/A       N/A         7

Dungeon Overview and Level Annotations

Branches:
Dungeon (10/15)            Temple (1/1) D:4            Lair (4/5) D:9
 Shoals (0/4) Lair:3       Spider (0/4) Lair:2        Slime (0/5) Lair:4
  Sewer (visited)         Ossuary (visited)         Volcano (1/1)
    Orc: D:9-12

Altars:
Ashenzari
Cheibriados
Dithmenos
Elyvilon
Fedhas
Gozag
Hepliaklqana
Kikubaaqudgha
Makhleb
Nemelex Xobeh
Okawaru
Qazlal
Ru
Sif Muna
Trog
Uskayaw
Vehumet
Wu Jian
Xom
Yredelemnul
Zin
The Shining One

Shops:
D:9 ?=:(

Annotations:
D:3 2 runed translucent doors, DrKenneth's ghost, amateur MiFi
D:4 Duvessa
D:6 1 runed translucent door, Orlauf's ghost, novice DsGl
D:8 Amaemon


Innate Abilities, Weirdness & Mutations

You can wield a second weapon in your off-hand.
It takes a long time for you to wield or remove held weapons.
Your first few attacks do less damage.
You cannot equip rings or amulets.


Message History

A smoke demon comes into view.
The steam dragon breathes steam at you.
The ball of steam hits the hell hound.
The hell hound resists.
The ball of steam hits the hell hound.
The hell hound resists.
The ball of steam hits you!!
Unknown command.
The grasping roots constrict the lindwurm!
The grasping roots constrict the hell hound! x2
You kill the hell hound!
Okawaru accepts your kill.
The grasping roots constrict the hell hound.
The hell hound breathes flames at you.
The blast of flame hits the hell hound.
The hell hound completely resists.
The blast of flame hits you but does no damage.
The hell hound bites you.
The hell hound struggles to escape constriction.
The lindwurm struggles to escape constriction.
You fade into invisibility!
The grasping roots constrict the lindwurm.
The grasping roots constrict the hell hound!
You kill the hell hound!
Okawaru accepts your kill.
The grasping roots constrict the hell hound.
The hell hound bites you but does no damage.
The hell hound breathes flames at you. The blast of flame hits you.
The steam dragon breathes steam at you.
The ball of steam hits the hell hound.
The hell hound resists.
The ball of steam hits you!
The lindwurm escapes!
You hear a roar!
Unknown command.
The grasping roots constrict the hell hound!
You kill the hell hound!
Okawaru accepts your kill. The hell hound breathes flames at you.
The blast of flame hits you!
* * * LOW HITPOINT WARNING * * *
The lindwurm breathes flames at you. The blast of flame hits you!!
You die...

.###... .§#....
.≈..... ..§....
.§§....##
#.D.§.###
#§hk§§##
##..§§§# #§@.§§#
#....##
####....##
§.§§.....#
§§§.§...##
.§.#.....###
§§.###.....###
.§. #.....#.###
###
##........###∩##


You could see a lindwurm (unable to see you, catching breath), a steam dragon
(unable to see you, catching breath) and a hell hound (catching breath).

Vanquished Creatures
  A two-headed ogre (D:8)
  A skyshark (Lair:3)
  A lindwurm (Lair:3)
  Pikel (D:9)
  An orange demon (D:8)
  4 cane toads
  3 komodo dragons
  4 rime drakes
  A queen bee (D:10)
  5 jumping spiders (Lair:2)
  A hornet (D:10)
  4 blink frogs (Lair:2)
  Sigmund (D:5)
  5 culicivoras (Lair:2)
  29 yaks
  4 wyverns
  4 basilisks
  5 vampire mosquitoes (Lair:3)
  4 hell hounds (Volcano)
  An ice beast (D:5)
  13 water moccasins
  2 orc warriors
  A sky beast (D:7)
  6 black bears
  A wolf (Lair:2)
  2 centaurs (D:9)
  A crocodile (Sewer)
  An ogre (D:5)
  2 phantoms (D:5)
  A kobold brigand (D:7)
  10 bullfrogs
  14 wights
  A burial acolyte (Ossuary)
  Dowan (D:4)
  29 killer bees
  3 electric eels
  2 howler monkeys
  A bombardier beetle (D:5)
  2 jellies (D:6)
  7 orc priests
  4 hounds
  Jessica (D:2)
  Natasha (thrice) (D:3)
  4 iguanas
  11 orc wizards
  2 hound zombies (D:4)
  A hound skeleton (D:4)
  4 gnolls (D:5)
  4 adders
  2 ufetubi (D:6)
  7 adder skeletons
  4 dart slugs
  3 ribbon worms
  45 orcs
  8 ball pythons
  8 endoplasms
  A giant cockroach (D:2)
  9 goblins
  2 hobgoblins
  9 jackals
  2 quokkas (D:1)
  2 ball python skeletons (Ossuary)
  3 bats (D:2)
  4 frilled lizards
  A hobgoblin skeleton (Ossuary)
  11 kobolds
  4 kobold skeletons (Ossuary)
  5 rats
344 creatures vanquished.

Notes
Turn   | Place    | Note
-------+----------+-------------------------------------------
     0 | D:1      | bananaken the Coglin Hunter began the quest for the Orb.
     0 | D:1      | Reached XP level 1. HP: 16/16 MP: 1/1
    73 | D:1      | Reached skill level 1 in Stealth
    73 | D:1      | Reached XP level 2. HP: 22/22 MP: 2/2
   292 | D:1      | Reached skill level 4 in Ranged Weapons
   353 | D:1      | Reached XP level 3. HP: 27/27 MP: 3/3
   457 | D:1      | You fall into a shaft and drop 1 floor!
   458 | D:2      | Noticed Jessica
   470 | D:2      | Killed Jessica
   471 | D:2      | Reached XP level 4. HP: 34/34 MP: 4/4
   682 | D:2      | Reached XP level 5. HP: 34/41 MP: 5/5
  1094 | D:2      | Reached skill level 5 in Ranged Weapons
  1315 | D:3      | Found a runed translucent door.
  1316 | D:3      | Noticed DrKenneth's ghost (amateur MiFi)
  1331 | D:3      | Noticed Natasha
  1336 | D:3      | Killed Natasha
  1536 | D:3      | Noticed Natasha
  1545 | D:3      | Killed Natasha
  1546 | D:3      | Reached XP level 6. HP: 19/47 MP: 6/6
  1659 | D:3      | Found a blossoming altar of Fedhas.
  1768 | D:3      | Found an ancient bone altar of Kikubaaqudgha.
  2048 | D:3      | Found a faded altar of an unknown god.
  2054 | D:3      | Found a radiant altar of Vehumet.
  2077 | D:3      | Noticed Natasha
  2082 | D:3      | Killed Natasha
  2235 | D:3      | Found a runed translucent door.
  2445 | D:4      | Found a glowing silver altar of Zin.
  2479 | D:4      | Found a sand-covered staircase.
  2499 | D:4      | Reached skill level 6 in Ranged Weapons
  2548 | Ossuary  | Entered an ossuary
  2617 | Ossuary  | Reached XP level 7. HP: 30/52 MP: 7/7
  3172 | D:4      | Reached skill level 5 in Fighting
  3172 | D:4      | Reached skill level 7 in Ranged Weapons
  3220 | D:4      | Found a staircase to the Ecumenical Temple.
  3461 | Temple   | Entered the Ecumenical Temple
  3466 | Temple   | Became a worshipper of Warmaster Okawaru
  3558 | D:4      | Noticed Duvessa
  3558 | D:4      | Noticed Dowan
  3583 | D:5      | Entered Level 5 of the Dungeon
  3617 | D:5      | Reached XP level 8. HP: 37/62 MP: 8/8
  3688 | D:5      | Found a glowing drain.
  3732 | Sewer    | Entered a sewer
  3832 | Sewer    | Reached skill level 1 in Invocations
  4020 | D:5      | Reached skill level 1 in Armour
  4094 | D:5      | Reached * piety under Okawaru
  4218 | D:5      | Found a stormy altar of Qazlal.
  4276 | D:5      | Found a hazy altar of Hepliaklqana.
  4322 | D:5      | Noticed Sigmund
  4338 | D:5      | Killed Sigmund
  4339 | D:5      | Reached skill level 8 in Ranged Weapons
  4463 | D:5      | Found a bloodstained altar of Trog.
  4498 | D:5      | Reached XP level 9. HP: 56/68 MP: 11/11
  5282 | D:4      | Killed Dowan
  5410 | D:6      | Reached ** piety under Okawaru
  5682 | D:6      | Noticed Orlauf's ghost (novice DsGl)
  5686 | D:6      | Found a runed translucent door.
  6050 | D:7      | Reached skill level 9 in Ranged Weapons
  6113 | D:7      | Found a shadowy altar of Dithmenos.
  6562 | D:7      | Reached *** piety under Okawaru
  6563 | D:7      | Reached XP level 10. HP: 57/79 MP: 13/13
  6636 | D:7      | Reached skill level 5 in Invocations
  6899 | D:8      | Noticed Amaemon
  7072 | D:8      | Noticed a two-headed ogre
  7090 | D:8      | Killed a two-headed ogre
  7127 | D:8      | Found a broken altar of Ashenzari.
  7232 | D:8      | Found a sacrificial altar of Ru.
  7365 | D:8      | Noticed an orange demon
  7377 | D:8      | Killed an orange demon
  7671 | D:8      | Reached skill level 10 in Ranged Weapons
  7913 | D:9      | Found Syufitoi's Magic Scroll Boutique.
  7919 | D:9      | Bought a scroll of revelation for 97 gold pieces
  8085 | D:9      | Reached skill level 1 in Evocations
  8098 | D:9      | Reached **** piety under Okawaru
  8112 | D:9      | Reached XP level 11. HP: 59/87 MP: 15/15
  8698 | D:9      | Found a staircase to the Lair.
  8738 | D:9      | Noticed a walking divine tome
  8739 | D:9      | Found Harrufon's Antique Weapon Boutique.
  8740 | D:9      | Found Jinedu's Book Shoppe.
  8745 | D:9      | Noticed a walking earthen tome
  8779 | D:9      | Noticed Pikel
  8788 | D:9      | Killed Pikel
  9098 | D:9      | Found Ginera's Jewellery Emporium.
  9411 | D:10     | Entered Level 10 of the Dungeon
  9675 | D:10     | Found a snail-covered altar of Cheibriados.
  9871 | D:10     | Paralysed by a hornet for 3 turns
 10587 | Lair:1   | Entered Level 1 of the Lair of Beasts
 11516 | Lair:1   | Reached skill level 11 in Ranged Weapons
 11793 | Lair:1   | Reached XP level 12. HP: 65/97 MP: 15/17
 12189 | Lair:2   | Reached skill level 10 in Fighting
 12384 | Lair:2   | Reached ***** piety under Okawaru
 12421 | Lair:2   | Reached skill level 5 in Armour
 13023 | Lair:2   | Found a hole to the Spider Nest.
 13654 | Lair:3   | Noticed a skyshark
 13664 | Lair:3   | Killed a skyshark
 13665 | Lair:3   | Reached skill level 12 in Ranged Weapons
 14039 | Lair:3   | Found a staircase to the Shoals.
 14102 | Lair:3   | Received a gift from Okawaru
 14601 | Lair:3   | Reached skill level 1 in Throwing
 14865 | Lair:4   | Found a dark tunnel.
 14880 | Volcano  | Entered a volcano
 14974 | Volcano  | Killed from afar by a lindwurm

Illustrated notes

Levels and vault maps discovered:
D:1:      saegor_arrival_simple_e, layout_rooms, kennysheep_decorative_pillar,
          minmay_pentomino_v2
D:2:      layout_loops_ring, minmay_pentomino_pile, uniq_jessica
D:3:      layout_basic, fedhas_ov_isle_minmay, mainiacjoe_overflow_paths,
          nicolae_overflow_ecumenical_swirl, ebering_ghost_sewer_f, uniq_natasha
D:4:      layout_loops_ring, mainiacjoe_overflow_24_doors,
          lemuel_temple_firewalk_b, mainiacjoe_ossuary_entry_find_the_door,
          uniq_duvessa
D:5:      layout_basic, mainiacjoe_overflow_brackets,
          mainiacjoe_overflow_six_doors_small, trog_three_pillars_becter,
          mainiacjoe_sewer_entry_somewhere_in_here_1, uniq_sigmund
D:6:      layout_gridville, hellmonk_ghost_happy_afterlife, lemuel_flame_loot_1
D:7:      layout_cave_pods, overflow_temple_1_default
D:8:      layout_loops_ring, old_standard_altar, nicolae_ashenzari_panopticon,
          uniq_amaemon
D:9:      cheibrodos_helix_gallery, layout_loops_ring, lair_entry_dummy,
          serial_shops, nicolae_shop_mannequins, shop,
          nicolae_shop_back_alley_shop, shop_statue, kennysheep_generic_room_14,
          uniq_pikel
D:10:     layout_cave_pools, slow_altar_1, special_room [special_room_bee],
          hangedman_decor_slide_cut
Temple:   minmay_freezing_vapour_temple
Lair:1:   layout_concentric_octagons, minmay_hedge_maze, minivault_27,
          gammafunk_lair_bear_cave
Lair:2:   layout_roguey, nicolae_spider_entry_tight_spaces, beast_lair_carwin_4
Lair:3:   layout_big_grid, elwin_shoals_entry_rocks, serial_bayou,
          serial_bayou_shore_b, serial_bayou_pond_a, serial_bayou_pond_d,
          roderic_carrion_pond, nicolae_lair_lindhole, lemuel_fruit_fields
Lair:4:   layout_cave_shapes, nicolae_slime_entry_field_trip,
          nicolae_volcano_entry_lava_flow
Volcano:  hellmonk_smoking_crater

Skill      XL: |  1  2  3  4  5  6  7  8  9 10 11 12 |
---------------+-------------------------------------+-----
Stealth        | 1 2 |  2.0
Dodging        | 2 3 |  3.8
Ranged Weapons | 4 5 6 7 8 9 10 11 12 | 12.4
Fighting       | 3 4 5 7 8 9 10 | 10.7
Invocations    | 3 4 6 7 8 |  8.3
Armour         | 3 4 6 |  6.1
Evocations     | 3 4 |  4.1
Throwing       | 1 |  1.3

Action                     |  1- 3 |  4- 6 |  7- 9 | 10-12 || total
---------------------------+-------+-------+-------+-------++-------
   Fire: Sling             |   102 |   368 |   540 |  1108 ||  2118
 Invoke: Heroism           |       |       |     3 |    21 ||    24
         Finesse           |       |       |       |     1 ||     1
  Evoke: Wand              |       |       |       |    34 ||    34
    Use: Scroll            |       |    12 |     8 |    15 ||    35
         Potion            |       |     2 |     7 |    11 ||    20
 Armour: Chain mail        |    34 |   106 |   134 |    98 ||   372
         Skin              |       |    11 |     3 |       ||    14
         Plate armour      |       |       |       |   516 ||   516
  Dodge: Dodged            |    11 |    38 |    52 |   135 ||   236

Table legend: (Time is in decaauts)
 A = Elapsed time spent in this place.
 B = Non-inter-level travel time spent in this place.
 C = Inter-level travel time spent in this place.
 D = Time resting spent in this place.
 E = Time spent auto-exploring this place.
 F = Levels seen in this place.
 G = Mean time per level.
                   A        B        C        D        E       F      G
               +--------+--------+--------+--------+--------+-----+--------+
         Total |  15509 |  14858 |    651 |   2453 |   9539 |  18 |  861.6 |
       Dungeon |  10405 |   9829 |    576 |   1352 |   6570 |  10 | 1040.5 |
        Temple |     10 |      6 |      4 |      0 |      0 |   1 |   10.0 |
          Lair |   4271 |   4200 |     71 |    834 |   2647 |   4 | 1067.8 |
         Sewer |    185 |    185 |      0 |     31 |    113 |   1 |  185.0 |
       Ossuary |    540 |    540 |      0 |    235 |    141 |   1 |  540.0 |
       Volcano |     95 |     95 |      0 |      0 |     68 |   1 |   95.0 |
               +--------+--------+--------+--------+--------+-----+--------+

Top non-repeatable levels by time:
     D:9: 1720 daAuts
  Lair:2: 1709 daAuts
  Lair:1: 1348 daAuts
     D:3: 1206 daAuts
     D:5: 1172 daAuts
     D:4: 1143 daAuts
    D:10: 1141 daAuts
  Lair:3: 1138 daAuts
     D:7: 1092 daAuts
     D:8: 959 daAuts
     D:2: 774 daAuts
     D:1: 617 daAuts
     D:6: 576 daAuts
 Ossuary: 540 daAuts
   Sewer: 185 daAuts
